AoeStats
← Marcus Aurelius

Arena

510440809Analyzed
2v2 RM · 2d ago on Oct 1, 2026· 31m 53s· 4 players
Game mode
Random Map
Map size
Medium (4 player)
Population
200
Speed
Normal
Resources
Standard
Victory
Conquest
Starting age
Dark Age
Ending age
Imperial Age
RankedLock teamsTeams togetherTeam positionsShared explorationLock speedFull tech treeHidden civsTurbo modeCheats
Victory
Defeat
🇺🇸 Varangians · United States
1090
+14
🇹🇷 Turks · Türkiye
1063
+15
🇧🇷 Goths · Brazil
1107
-16
🇧🇷 Huns · Brazil
1000
-40
Zelhao Җ
0:42 Loom
11:36 Feudal Age
12:15 Double-Bit Axe
15:43 Horse Collar
20:34 Castle Age
19:17 Wheelbarrow
18:28 Loom
19:28 Scale Mail Armor
20:45 Pikeman
21:25 Squires
26:45 Hand Cart
26:43 Bow Saw
27:26 Forging
27:32 Chain Mail Armor
SooD SKINS
14:28 Feudal Age
16:34 Wheelbarrow
16:12 Double-Bit Axe
16:12 Horse Collar
17:01 Gold Mining
17:03 Stone Mining
18:04 Scale Barding Armor
20:10 Man-at-Arms
21:15 Scale Mail Armor
21:28 Forging
23:37 Castle Age
22:20 Loom
22:21 Town Watch
24:11 Padded Archer Armor
24:02 Fletching
25:10 Long Swordsman
26:19 Squires
Marcus Aurelius
12:43 Feudal Age
16:16 Castle Age
15:19 Double-Bit Axe
15:16 Horse Collar
17:28 Bow Saw
18:01 Wheelbarrow
18:52 Scale Barding Armor
19:53 Loom
21:36 Forging
25:32 Husbandry
25:42 Bloodlines
Black Death
0:59 Loom
14:17 Feudal Age
18:12 Castle Age
16:04 Double-Bit Axe
17:23 Scale Mail Armor
17:37 Forging
18:05 Horse Collar
20:11 Wheelbarrow
23:57 Gold Mining
25:07 Bow Saw
26:24 Gold Shaft Mining
30:09 Padded Archer Armor
30:14 Heavy Plow
Connection lost

Rejoining the realm…

Still unreachable

The connection could not be restored.

Session expired

The server has moved on; the page needs a fresh start.